 Dungeon Crawl Stone Soup version 0.28.0-53-g5a82cb258f (webtiles) character file.

Game seed: 9123772347877312050

7252 Ashen the Fighter (level 11, -17/113 HPs)
             Began as an Ogre Ice Elementalist on July 1, 2022.
             Was a Follower of Vehumet.
             Demolished by a spriggan
             ... wielding a +0 trident
              (18 damage)
             ... in a bailey.
             The game lasted 00:24:28 (11391 turns).

Ashen the Fighter (Ogre Ice Elementalist)          Turns: 11391, Time: 00:24:29

Health: -17/113    AC:  8    Str: 22    XL:     11   Next: 12%
Magic:  14/23      EV: 11    Int: 20    God:    Vehumet [*.....]
Gold:   99         SH:  5    Dex:  9    Spells: 8/26 levels left

rFire   + . .      SeeInvis .   z - +1 whip (elec)
rCold   + . .      Faith    .   (no shield)
rNeg    + . .      Spirit   .   v - +2 robe {rC+ rF+}
rPois   .          Reflect  +   A - +2 hat
rElec   .          Harm     .   y - +0 cloak
rCorr   .          Rampage  .   (gloves unavailable)
Will    +....                   (boots unavailable)
Stlth   +++.......              n - amulet of reflection
HPRegen 0.28/turn               d - +6 ring of strength
MPRegen 0.18/turn               o - ring of positive energy

@: no status effects
A: large, unfitting armour, tough skin 1, talons 1, strong 1, no potion heal 1
a: Renounce Religion


You were in a bailey.
You worshipped Vehumet.
Vehumet was aware of your devotion.
You visited 2 branches of the dungeon, and saw 11 of its levels.
You also visited: Ossuary and Bailey.

You collected 333 gold pieces.
You spent 234 gold pieces at shops.

Inventory:

Hand Weapons
 c - a +2 flail of protection
 r - a +2 dagger of venom
 u - a +0 whip of flaming
 z - a +1 whip of electrocution (weapon)
 N - a +0 giant spiked club of draining
Armour
 v - a +2 robe of resistance (worn)
 y - a +0 cloak (worn)
 A - a +2 hat (worn)
 L - a +0 kite shield
Jewellery
 d - a +6 ring of strength (left hand)
 n - an amulet of reflection (around neck)
 o - a ring of positive energy (right hand)
 J - an amulet of faith
Wands
 a - a wand of polymorph (10)
 q - a wand of paralysis (12)
 E - a wand of flame (38)
 H - a wand of acid (9)
 I - a wand of digging (13)
 S - a wand of iceblast (4)
Scrolls
 b - 2 scrolls of immolation
 f - 5 scrolls of teleportation
 h - a scroll of identify
 j - a scroll of blinking
 k - 2 scrolls of silence
 m - 4 scrolls of fear {unknown}
 p - a scroll of enchant weapon {unknown}
 t - 6 scrolls of noise
 w - 2 scrolls of vulnerability {unknown}
Potions
 e - 3 potions of mutation
 g - 7 potions of curing
 i - 2 potions of attraction
 l - 2 potions of magic {unknown}
 s - 2 potions of flight
 x - 3 potions of haste
 B - 3 potions of resistance
 C - a potion of brilliance
 F - a potion of berserk rage
 G - 3 potions of lignification
 P - 2 potions of might
 R - 2 potions of heal wounds


   Skills:
 + Level 8.9 Fighting
 + Level 6.1 Maces & Flails
 + Level 6.5 Dodging
 - Level 5.0 Stealth
 + Level 8.0 Spellcasting
 + Level 2.2 Conjurations
 + Level 7.1 Ice Magic
 + Level 2.2 Air Magic


You had 8 spell levels left.
You knew the following spells:

 Your Spells              Type           Power      Damage    Failure   Level
a - Freeze                Ice            100%       1d11      1%          1
b - Frozen Ramparts       Ice            72%        1d9       1%          3
c - Ozocubu's Armour      Ice            36%        N/A       1%          3
d - Hailstorm             Conj/Ice       26%        3d7       12%         4
e - Swiftness             Air            17%        N/A       10%         3
f - Airstrike             Air            8%         N/A       32%         4

Your spell library contained the following spells:

 Spells                   Type           Power      Damage    Failure   Level
 Sandblast                Erth           16%        2d6       9%          1
 Magic Dart               Conj           68%        1d6       3%          1
 Shock                    Conj/Air       68%        1d7       3%          1
 Searing Ray              Conj           34%        2d5       4%          2
 Corpse Rot               Necr/Air       24%        N/A       9%          2
 Confusing Touch          Hex            8%         N/A       26%         3
 Fulminant Prism          Conj/Hex       6%         3d7       47%         4
 Iskenderun's Mystic Bla  Conj/Tloc      12%        2d5       47%         4
 Metabolic Englaciation   Hex/Ice        11%        N/A       47%         5
 Dispel Undead            Necr           8%         3d8       63%         4
 Petrify                  Tmut/Erth      8%         N/A       63%         4
 Lee's Rapid Deconstruct  Erth           4%         3d6*      93%         5
 Yara's Violent Unravell  Hex/Tmut       4%         3d4       93%         5
 Death Channel            Necr           4%         N/A       100%        6
 Statue Form              Tmut/Erth      5%         N/A       100%        6
 Enfeeble                 Hex            4%         N/A       100%        7


Dungeon Overview and Level Annotations

Branches:
Dungeon (10/15)            Temple (1/1) D:7            Lair (0/6) D:9
    Orc (0/2) D:9         Ossuary (visited)          Bailey (1/1)

Altars:
Ashenzari
Cheibriados
Dithmenos
Elyvilon
Fedhas
Gozag
Hepliaklqana
Kikubaaqudgha
Makhleb
Nemelex Xobeh
Okawaru
Qazlal
Ru
Trog
Uskayaw
Vehumet
Wu Jian
Xom
Yredelemnul
Zin
The Shining One

Shops:
D:1 =   D:9 !   D:10 =

Annotations:
D:6 2 runed translucent doors, raph's ghost, novice DrCj
D:9 Erolcha


Innate Abilities, Weirdness & Mutations

You are too large for most types of armour.
You have tough skin. (AC +1)
You have sharp toenails.
Your muscles are strong. (Str +2)
Potions are less effective at restoring your health.


Message History

You barely miss the spriggan. Your kick misses the spriggan.
The spriggan is moderately wounded.
The spriggan closely misses you.
You miss the spriggan. Your kick misses the spriggan.
The spriggan is moderately wounded.
A spriggan comes into view. It is wielding a +0 trident.
You completely miss the spriggan. You claw the spriggan.
The spriggan is moderately wounded.
The spriggan barely misses you.
You barely miss the spriggan.
The spriggan is moderately wounded.
The spriggan closely misses you.
You closely miss the spriggan. Your kick misses the spriggan.
The spriggan is moderately wounded.
You block the spriggan's attack.
Casting: Ozocubu's Armour (safe; 1% risk of failure)
Confirm with . or Enter, or press ? or * to list all spells.
Okay, then.
Casting: Ozocubu's Armour (safe; 1% risk of failure)
Confirm with . or Enter, or press ? or * to list all spells.
Okay, then.
Your icy armour will break if you move.
Continue?
Your icy armour cracks and falls away as you move.
The spriggan hits you from afar with a +0 trident!
* * * LOW HITPOINT WARNING * * *
The spriggan hits you from afar with a +0 trident!
* * * LOW HITPOINT WARNING * * *
The spriggan hits you from afar with a +0 trident!
* * * LOW HITPOINT WARNING * * *
Your system partially rejects the healing.
You feel much better. You block the spriggan's attack. x2
The spriggan hits you from afar with a +0 trident!!
* * * LOW HITPOINT WARNING * * *
The spriggan barely misses you.
Your system partially rejects the healing.
You feel much better.
The spriggan hits you from afar with a +0 trident!
* * * LOW HITPOINT WARNING * * *
The spriggan hits you from afar with a +0 trident!!
You die...

#######
###.....###
##@.i......##
##...........##
#...i∩...∩.)..#
##........)).##
##........)##
###≈≈≈≈)###
#≈≈≈≈)# #≈≈≈≈≈#
#.......#


You could see 2 spriggans.

Vanquished Creatures
  A two-headed ogre (D:10)
  Pikel (D:4)
  Maurice (D:9)
  Joseph (D:7)
  An unseen horror (D:8)
  Prince Ribbit (D:9)
  A spriggan (Bailey)
  Sigmund (D:4)
  2 steam dragons
  Edmund (D:6)
  Menkaure (D:4)
  A water moccasin (D:7)
  3 orc warriors (D:9)
  Duvessa (D:3)
  2 ice beasts
  7 ogres
  A necrophage (D:6)
  3 centaurs
  2 kobold brigands
  3 elf zombies
  Blork the orc (D:4)
  2 bullfrogs (D:6)
  A gnoll sergeant (D:6)
  5 scorpions
  An elf skeleton (D:4)
  A water moccasin skeleton (D:6)
  Dowan (D:3)
  3 wights (D:8)
  9 centaur zombies
  A crimson imp (D:8)
  5 human zombies
  A jelly (D:5)
  2 hounds (D:5)
  7 orc priests
  A gnoll shaman (D:5)
  2 human skeletons (D:4)
  An iguana (D:5)
  9 orc wizards
  A hound zombie (D:5)
  3 mummies (Ossuary)
  A howler monkey zombie (D:8)
  14 gnolls
  8 adders
  3 white imps
  An ufetubus (D:5)
  2 worms
  4 dart slugs
  19 orcs
  13 ball pythons
  5 bats
  4 endoplasms
  9 giant cockroaches
  7 goblins
  8 hobgoblins
  2 jackals (D:3)
  21 kobolds
  5 quokkas
  6 frilled lizards
  An orc zombie (D:4)
  A rat (D:2)
226 creatures vanquished.

Vanquished Creatures (others)
  An orc priest (D:9)
  An orc (D:9)
  3 fungi (D:9)
  6 plants
11 creatures vanquished.

Grand Total: 237 creatures vanquished

Notes
Turn   | Place    | Note
-------+----------+-------------------------------------------
     0 | D:1      | Ashen the Ogre Ice Elementalist began the quest for the
                  | Orb.
     0 | D:1      | Reached XP level 1. HP: 16/16 MP: 3/3
   167 | D:1      | Reached XP level 2. HP: 21/26 MP: 0/5
   291 | D:1      | Found a faded altar of an unknown god.
   542 | D:1      | Reached skill level 1 in Fighting
   699 | D:1      | Found Oricuste's Jewellery Emporium.
   730 | D:1      | Reached XP level 3. HP: 30/33 MP: 7/7
   734 | D:1      | Learned a level 3 spell: Frozen Ramparts
   738 | D:1      | Learned a level 3 spell: Ozocubu's Armour
  1257 | D:2      | Noticed a scorpion
  1265 | D:2      | Killed a scorpion
  1266 | D:2      | Reached skill level 1 in Maces & Flails
  1266 | D:2      | Reached XP level 4. HP: 41/42 MP: 4/8
  1405 | D:2      | Reached XP level 5. HP: 48/49 MP: 9/9
  2266 | D:3      | Found a shadowy altar of Dithmenos.
  2367 | D:3      | Found a stormy altar of Qazlal.
  2383 | D:3      | Reached XP level 6. HP: 59/59 MP: 2/11
  3025 | D:4      | Noticed Blork the orc
  3037 | D:4      | Killed Blork the orc
  3038 | D:4      | Reached XP level 7. HP: 46/67 MP: 1/13
  3148 | D:4      | Noticed Menkaure
  3170 | D:4      | Identified the +1 chain mail "Waqun" {Dex+3}
  3232 | D:4      | Noticed Pikel
  3266 | D:4      | Killed Pikel
  3267 | D:4      | Reached skill level 5 in Spellcasting
  3267 | D:4      | Reached XP level 8. HP: 14/79 MP: 10/15
  3369 | D:4      | Reached skill level 5 in Ice Magic
  3372 | D:4      | Found a sand-covered staircase.
  3388 | D:4      | Reached skill level 5 in Fighting
  3426 | D:4      | Gained mutation: You have sharp toenails. [potion of
                  | mutation]
  3426 | D:4      | Gained mutation: Potions are less effective at restoring
                  | your health. [potion of mutation]
  3426 | D:4      | Gained mutation: Your muscles are strong. (Str +2) [potion
                  | of mutation]
  3475 | Ossuary  | Entered an ossuary
  3936 | Ossuary  | Reached XP level 9. HP: 75/89 MP: 14/17
  4176 | D:4      | Noticed Dowan
  4234 | D:4      | Noticed Sigmund
  4249 | D:4      | Noticed Duvessa
  4262 | D:3      | Killed Duvessa
  4264 | D:3      | Killed Dowan
  4327 | D:4      | Killed Sigmund
  4496 | D:4      | Found an ornate altar of the Wu Jian Council.
  4729 | D:4      | Learned a level 4 spell: Hailstorm
  4733 | D:4      | Learned a level 3 spell: Swiftness
  4738 | D:4      | Learned a level 4 spell: Airstrike
  4833 | D:4      | Killed Menkaure
  4929 | D:5      | Entered Level 5 of the Dungeon
  5704 | D:5      | Found a broken altar of Ashenzari.
  5779 | D:5      | Reached skill level 5 in Dodging
  5869 | D:5      | Found a glowing silver altar of Zin.
  6327 | D:6      | Reached XP level 10. HP: 33/102 MP: 14/20
  6630 | D:6      | Noticed Edmund
  6644 | D:6      | Killed Edmund
  6645 | D:6      | Reached skill level 5 in Maces & Flails
  6684 | D:6      | Found a large runed translucent door.
  6684 | D:6      | Found a large runed translucent door.
  6692 | D:6      | Noticed raph's ghost (novice DrCj)
  6921 | D:6      | Found an ancient bone altar of Kikubaaqudgha.
  7443 | D:7      | Found a white marble altar of Elyvilon.
  7581 | D:7      | Noticed Joseph
  7597 | D:7      | Killed Joseph
  7826 | D:7      | Found a staircase to the Ecumenical Temple.
  7833 | D:7      | Reached skill level 5 in Stealth
  7955 | Temple   | Entered the Ecumenical Temple
  8924 | D:8      | Found a burning altar of Makhleb.
  8924 | D:8      | Found a radiant altar of Vehumet.
  8998 | D:8      | Became a worshipper of Vehumet
  9401 | D:8      | Killed an unseen horror
  9756 | D:9      | Found a staircase to the Orcish Mines.
  9904 | D:9      | Found Zoeskuuc's Distillery.
  9910 | D:9      | Bought 3 potions of heal wounds for 195 gold pieces
  9910 | D:9      | Bought a potion of lignification for 39 gold pieces
  9948 | D:9      | Noticed Erolcha
 10091 | D:9      | Noticed Prince Ribbit
 10102 | D:9      | Killed Prince Ribbit
 10232 | D:9      | Reached skill level 1 in Conjurations
 10235 | D:9      | Reached skill level 1 in Air Magic
 10277 | D:9      | Noticed Maurice
 10286 | D:9      | Paralysed by Maurice for 7 turns
 10297 | D:9      | Killed Maurice
 10658 | D:9      | Found a staircase to the Lair.
 11009 | D:10     | Entered Level 10 of the Dungeon
 11055 | D:10     | Noticed a two-headed ogre
 11064 | D:10     | Killed a two-headed ogre
 11065 | D:10     | Reached XP level 11. HP: 82/113 MP: 12/22
 11133 | D:10     | Found a flagged portal.
 11155 | D:10     | Found Astearua's Jewellery Boutique.
 11156 | D:10     | Found a shimmering altar of Xom.
 11189 | Bailey   | Entered a bailey
 11326 | Bailey   | Reached * piety under Vehumet
 11326 | Bailey   | Offered knowledge of Sandblast by Vehumet.
 11390 | Bailey   | HP: 4/113 [spriggan/+0 trident (18)]
 11391 | Bailey   | HP: 1/113 [spriggan/+0 trident (12)]
 11391 | Bailey   | Demolished by a spriggan

Illustrated notes

Levels and vault maps discovered:
D:1:      nicolae_arrival_memento_mori, layout_basic, serial_shops,
          nicolae_shop_hallway_plus, shapermc_ecumenical_altar_ellora,
          amcnicky_mini_pool_small, hex_tiny, minmay_pentomino_x4
D:2:      layout_rooms, serial_rivers, chequers_serial_rivers_micro_d,
          chequers_serial_rivers_marsh, chequers_serial_rivers_marsh,
          chequers_serial_rivers_large_a, chequers_serial_rivers_small_a
D:3:      layout_loops_ring, mainiacjoe_overflow_boulevard,
          mainiacjoe_overflow_catwalk
D:4:      layout_cave_pools, overflow_temple_1_default,
          nicolae_ossuary_entry_catacombs, uniq_pikel, uniq_sigmund,
          uniq_blork_the_orc, uniq_duvessa, uniq_menkaure
D:5:      layout_loops_ring, lemuel_coloured_pillars_altar, lemuel_crystal_altar
D:6:      nicolae_cairo_tiling_large_dashed, layout_basic,
          general_overflow_altar, ebering_ghost_disaster_area, uniq_edmund
D:7:      layout_layer_cave, elyvilon_altar_5, minmay_temple_entry_nine_rooms,
          uniq_joseph
D:8:      layout_cave_pools, grunt_temple_overflow_lords_of_destruction,
          serial_glass, glass_columns_b, glass_columns_c,
          minmay_strange_pillars, feat_on_display
D:9:      layout_basic, mainiacjoe_overflow_alcove_4, dpeg_oklobed_lair,
          david_orc_3, serial_shops, shop, uniq_maurice, uniq_erolcha,
          uniq_prince_ribbit1
D:10:     layout_roguey, lemuel_crystal_altar, serial_shops, shop,
          enter_bailey_3
Temple:   minmay_temple_curvy_loop
Bailey:   bailey_polearm_enchanted_keep_hellmonk, bailey

Skill      XL: |  1  2  3  4  5  6  7  8  9 10 11 |
---------------+----------------------------------+-----
Dodging        | 2 3 4 5 6 |  6.5
Fighting       | 1 2 3 4 5 7 8 |  8.9
Spellcasting   | 3 4 5 6 7 8 |  8.0
Maces & Flails | 1 2 3 4 6 |  6.1
Stealth        | 2 3 4 5 |  5.0
Ice Magic      | 4 5 6 7 |  7.1
Conjurations   | 2 |  2.2
Air Magic      | 2 |  2.2

Action                   |  1- 3 |  4- 6 |  7- 9 | 10-12 || total
-------------------------+-------+-------+-------+-------++-------
Melee: Unarmed           |     2 |       |       |       ||     2
       Flail             |    56 |   120 |   170 |       ||   346
       Punch             |     3 |     2 |     8 |     2 ||    15
       Dagger            |       |       |    27 |    91 ||   118
       Kick              |       |       |    79 |    67 ||   146
       Whip              |       |       |   124 |   120 ||   244
 Cast: Freeze            |    10 |    22 |     9 |    15 ||    56
       Frozen Ramparts   |     1 |     6 |    18 |    15 ||    40
       Ozocubu's Armour  |       |     2 |    21 |    16 ||    39
       Hailstorm         |       |       |       |     1 ||     1
  Use: Potion            |       |       |     2 |     2 ||     4
       Scroll            |       |       |    10 |     9 ||    19
 Stab: Sleeping          |     2 |     3 |     6 |     2 ||    13
Armor: Robe              |    18 |    67 |   172 |   107 ||   364
Dodge: Dodged            |    43 |    79 |   145 |   118 ||   385
Block: Other             |       |       |    33 |    69 ||   102
       Reflection        |       |       |       |     5 ||     5
